 Dungeon Crawl Stone Soup version 0.20.0-8-g6b59dc7 (webtiles) character file.

1270146 grindst0ne the Conqueror (level 27, -7/249 HPs)
             Began as a Formicid Fighter on May 29, 2017.
             Was the Champion of Zin (penitent).
             Splashed with acid (9 damage)
             ... on level 3 of the Tomb of the Ancients on May 31, 2017.
             The game lasted 13:21:32 (121448 turns).

grindst0ne the Conqueror (Formicid Fighter)       Turns: 121448, Time: 13:21:33

Health: -7/249     AC: 32    Str: 28    XL:     27
Magic:  49/49      EV: 38    Int:  5    God:    Zin [*]
Gold:   1923       SH:  0    Dex: 22    Spells: 26/26 levels left

rFire    + + +     SeeInvis +   D - +10 morningstar of Doenoqid {crush, *Corrode rF+++ rC+ MP+9}
rCold    + + +     Gourm    +   Q - +10 large shield of Ignorance {rN+ Int-4}
rNeg     + + +     Faith    .   a - +6 pearl dragon scales
rPois    +         Spirit   .   (helmet unavailable)
rElec    +         Reflect  .   U - +2 ratskin cloak {+Rats rPois rN+ Str-1 Int-1 Dex+1}
rCorr    .         Harm     .   X - +2 pair of gloves "Zerarosk" {Str+6}
MR       +++..                  v - +2 pair of boots {run}
Stlth    ..........             W - amulet of Dynel {Gourm rC++ Dex-3}
Regen    0.6/turn               b - ring "Lanaplug" {rPois MR+}
MPRegen  0.4/turn               Y - ring of Charity {+Fly rElec SInv}

@: confused, agile, corroded, very slow
A: permanent stasis, dig shafts and tunnels, four strong arms, antennae 3
}: 12/15 runes: serpentine, barnacled, slimy, silver, obsidian, icy, abyssal,
demonic, glowing, magical, fiery, dark
a: Dig, Shaft Self, Donate Gold, Renounce Religion, Evoke Ratskin, Evoke Flight


You were on level 3 of the Tomb of the Ancients.
You worshipped Zin.
Zin was demanding penance.
You were not hungry.

You visited 16 branches of the dungeon, and saw 76 of its levels.
You visited Pandemonium 1 time, and saw 25 of its levels.
You visited the Abyss 2 times.
You also visited: Trove, Sewer and Desolation.

You collected 13351 gold pieces.
You spent 4465 gold pieces at shops.
You donated 6963 gold pieces to Zin.

Inventory:

Hand Weapons
 d - a +9 executioner's axe of freezing
 g - the +8 broad axe of the Grave {elec, Int+2}
   (Okawaru gifted it to you on level 10 of the Dungeon)

   Occasionally, upon striking a foe, it will discharge some electrical energy
   and cause terrible harm.
   It affects your intelligence (+2).
 D - the +10 morningstar of Doenoqid (weapon) {crush, *Corrode rF+++ rC+ MP+9}
   (You bought it in a shop on level 2 of the Orcish Mines)

   It inflicts extra damage upon your enemies.
   It renders you almost immune to fire.
   It protects you from cold.
   It affects your magic capacity (+9).
   It may corrode you when you take damage.
Armour
 a - +6 pearl dragon scales (worn)
 u - the +8 plate armour of the Vestibule of Hell {rElec rC+ Dex+4 Slay-3}
   (Okawaru gifted it to you on level 6 of the Lair of Beasts)

   It affects your dexterity (+4).
   It affects your accuracy and damage with ranged weapons and melee attacks
   (-3).
   It protects you from cold.
   It insulates you from electricity.
 v - a +2 pair of boots of running (worn)
 w - a scarf of resistance
 x - the +2 shield of Resistance {rF+ rC+ MR+}
   (You found it on level 1 of the Depths)

   It protects you from fire.
   It protects you from cold.
   It affects your resistance to hostile enchantments.
 M - a +2 cloak of invisibility
 Q - the +10 large shield of Ignorance (worn) {rN+ Int-4}
   (You found it on level 1 of the Depths)

   It affects your intelligence (-4).
   It protects you from negative energy.
 U - the +2 ratskin cloak (worn) {+Rats rPois rN+ Str-1 Int-1 Dex+1}
   (Okawaru gifted it to you on level 2 of the Lair of Beasts)

   It affects your strength (-1).
   It affects your intelligence (-1).
   It affects your dexterity (+1).
   It protects you from poison.
   It protects you from negative energy.
 X - the +2 pair of gloves "Zerarosk" (worn) {Str+6}
   (You found it on level 5 of the Vaults)

   It affects your strength (+6).
Jewellery
 b - the ring "Lanaplug" (left hand) {rPois MR+}
   (You found it in the Desolation of Salt)

   [ring of protection from magic]

   It protects you from poison.
   It affects your resistance to hostile enchantments.
 m - an uncursed ring of protection from fire
 t - the amulet of Ryigen {Spirit rN+}
   (You took it off a death knight on level 1 of the Crypt)

   [amulet of guardian spirit]

   It causes incoming damage to be split between your health and magic.
   It protects you from negative energy.
 z - the ring of Nayrur {MR+ MP+9 Int+2}
   (You found it on level 5 of the Pits of Slime)

   [ring of magical power]

   It affects your intelligence (+2).
   It affects your resistance to hostile enchantments.
   It affects your magic capacity (+9).
 B - an uncursed ring of resist corrosion
 I - the amulet "Puol" {rF+ MR+ Regen+ Stlth+}
   (You took it off a deep elf death mage on level 3 of the Elven Halls)

   [amulet of regeneration]

   It protects you from fire.
   It affects your resistance to hostile enchantments.
   It increases your rate of regeneration.
   It makes you more stealthy.
 K - the amulet "Etilium" {Inacc rC+}
   (You found it in Pandemonium)

   [amulet of inaccuracy]

   It reduces the accuracy of all your attacks.
   It protects you from cold.
 O - an uncursed ring of protection from cold
 P - the ring "Uwnophob" {MR+ Str+5 Slay+3}
   (You bought it in a shop on level 2 of the Snake Pit)

   [ring of slaying]

   It affects your strength (+5).
   It affects your accuracy and damage with ranged weapons and melee attacks
   (+3).
   It affects your resistance to hostile enchantments.
 W - the amulet of Dynel (around neck) {Gourm rC++ Dex-3}
   (You found it in a treasure trove)

   [amulet of the gourmand]

   It allows you to eat raw meat even when not hungry.
   It affects your dexterity (-3).
   It greatly protects you from cold.
 Y - the ring of Charity (right hand) {+Fly rElec SInv}
   (You bought it in a shop on level 2 of the Snake Pit)

   [ring of see invisible]

   It insulates you from electricity.
   It lets you see invisible.
   It lets you fly.
Wands
 c - a wand of acid (12/15)
 o - a wand of iceblast (9/15)
 p - a wand of acid (6/15)
 J - a wand of confusion (27/48)
 R - a wand of disintegration (23/24)
Scrolls
 n - 3 scrolls of enchant weapon
 y - 10 scrolls of magic mapping
 G - 13 scrolls of fear
 H - 2 scrolls of holy word
 L - a scroll of brand weapon
 S - 27 scrolls of remove curse
 V - 3 scrolls of silence
Potions
 h - 8 potions of agility
 A - 6 potions of flight
 C - 2 potions of cancellation
 E - 3 potions of might
 Z - 2 potions of ambrosia
Miscellaneous
 e - a lamp of fire (inert)
 i - a lightning rod (2/4)
 F - a phial of floods (inert)
 T - 3 phantom mirrors
Comestibles
 f - 7 bread rations
 j - 12 meat rations
 k - 35 royal jellies
 r - 7 fruits


   Skills:
 O Level 27 Fighting
 O Level 27 Axes
 + Level 20.4(25.8) Maces & Flails
 O Level 27 Armour
 O Level 27 Dodging
 O Level 27 Shields
 O Level 27 Invocations
 - Level 19.2 Evocations


You had 26 spell levels left.
You didn't know any spells.

Dungeon Overview and Level Annotations

Branches:
Dungeon (15/15)            Temple (1/1) D:5            Lair (6/6) D:10
 Shoals (4/4) Lair:2        Snake (4/4) Lair:2        Slime (5/5) Lair:5
    Orc (2/2) D:11            Elf (3/3) Orc:2        Vaults (5/5) D:13
  Crypt (3/3) Vaults:3       Tomb (2/3) Crypt:3      Depths (5/5) D:15
   Hell (1/1)                 Dis (0/7) Hell            Geh (7/7) Hell
    Coc (7/7) Hell            Tar (0/7) Hell            Zot (5/5) Depths:5

Altars:
Ashenzari
Cheibriados
Dithmenos
Elyvilon
Fedhas
Gozag
Hepliaklqana
Kikubaaqudgha
Makhleb
Nemelex Xobeh
Okawaru
Qazlal
Ru
Sif Muna
Trog
Uskayaw
Vehumet
Xom
Yredelemnul
Zin
The Shining One
Beogh
Jiyva

Shops:
D:9 (   Orc:2 [((}!   Elf:1 }*}   Elf:2 ?   Elf:3 !   Snake:2 }}=   Snake:4 [
Vaults:3 [   Vaults:5 (   Depths:3 }

Portals:
Hell: Depths:1 Depths:2 Depths:3 Depths:4 Depths:5
Abyss: Depths:4
Pandemonium: Depths:1 Depths:3
Ziggurat: Depths:2

Annotations:
Crypt:2 exclusion: downstairs
Depths:4 3 runed doors


Innate Abilities, Weirdness & Mutations

You cannot be hasted, slowed, berserked, paralysed or teleported.
You can dig through walls and to a lower floor.
Your four strong arms can wield two-handed weapons with a shield.
You have a pair of large antennae on your head. (SInv)


Message History

Okay, then.
You are confused.
You feel invigorated.
You are engulfed in spectral mist.
* * * LOW HITPOINT WARNING * * *
The sun demon is engulfed in spectral mist.
The sun demon completely misses you.
The shadow wraith hits you but does no damage.
The ice devil closely misses you.
The phantasmal warrior blinks!
The greater mummy mumbles some strange words.
The red devil completely misses you. The mummy priest closely misses you.
The spectral iron dragon completely misses you.
The spectral iron dragon claws you.
* * * LOW HITPOINT WARNING * * *
The spectral iron dragon tramples you but does no damage.
The rust devil is engulfed in spectral mist.
The rust devil completely misses you.
The power of Zot is invoked against you!
There is a sudden blast of acid!
The acid blast engulfs you!
You are splashed with acid!
The acid burns!
You die...

##########
####.........
##.E.WZ≈......
#.§ZZMW4...=W.
#..W4W3nZ§....
#..z4@LMb...##
#..MWWMZz4..##
#...z3MzzZn.#
#....Ms3s3s##
#.....4MzM3WM
#.....§W.5ZMbM
#.......ZMSMWM.
##........MZ4z8


You could see 3 greater mummies, 3 emperor scorpions, a revenant, 2 bennus, 4
ancient champions, 4 mummy priests, a skeletal warrior, 2 sun demons, a shadow
wraith (invisible), an orange demon, 3 phantasmal warriors, a mana viper, 6
guardian mummies, 3 ice devils, a rust devil, a freezing wraith, a spectral
catoblepas, a spectral fire dragon, a spectral iron dragon, a spectral snapping
turtle, a spectral minotaur, a spectral titan, a hungry ghost, 2 neqoxecs, a
ynoxinul, 3 wraiths, a red devil, 2 necrophages, a shadow (invisible), 2 flying
skulls, 2 mummies, an ufetubus, an ice dragon zombie, an anaconda skeleton, a
golden dragon skeleton and a friendly water elemental.

Vanquished Creatures
  Cerebov (Pan)
  Asmodeus (Geh:7)
  Antaeus (Coc:7)
  the Royal Jelly (Slime:5)
  Gloorx Vloq (Pan)
  Ignacio (Pan)
  Mnoleg (Pan)
  6 pandemonium lords (Pan)
  Lom Lobon (Pan)
  9 orbs of fire
  Mara (Crypt:3)
  Mennas (Crypt:1)
  2 ancient liches (Zot:5)
  A juggernaut (Depths:5)
  4 greater mummies
  Boris (Crypt:1)
  10 shard shrikes
  3 curse toes (Zot:5)
  8 Killer Klowns
  Bai Suzhen (Vaults:2)
  Frederick (Crypt:1)
  A caustic shrike (Depths:4)
  8 golden dragons
  Xtahua (Vaults:5)
  Geryon (Hell)
  A profane servitor (Abyss:3)
  Jory (Vaults:4)
  9 bone dragons
  Nikola (Snake:1)
  The ghost of armaa the Impregnable, an adept MiBe of Trog (Slime:5)
  6 electric golems
  33 Brimstone Fiends
  7 hellephants
  Jorgrun (Vaults:3)
  3 Tzitzimimeh (Pan)
  19 tentacled monstrosities
  16 Ice Fiends
  4 Hell Sentinels
  25 Orb Guardians (Zot:5)
  17 liches
  6 deep elf master archers
  2 shard shrike skeletons (Crypt:2)
  22 titans
  8 quicksilver dragons
  12 deep elf blademasters
  28 acid blobs
  29 tentacled starspawn
  A kraken (Shoals:4)
  23 Executioners
  13 death cobs
  6 ancient champions
  An eldritch tentacle (Coc:7)
  13 sphinxes
  Kirke (Shoals:2)
  7 tengu reavers
  A thorn hunter (Abyss:1)
  11 shadow dragons
  7 draconian monks
  Ilsuiw (Shoals:3)
  18 storm dragons
  8 nagarajas
  2 revenants (Crypt:3)
  2 daevas
  8 azure jellies
  6 draconian knights
  14 vault wardens
  3 iron dragons
  19 fire giants
  5 deep elf sorcerers (Elf:3)
  26 frost giants
  A juggernaut zombie (Crypt:3)
  An orc warlord (Orc:2)
  2 ghost moths
  Louise (Depths:4)
  11 draconian scorchers
  42 balrugs
  An imperial myrmidon (Desolation)
  7 deep elf elementalists (Elf:3)
  Aizul (Snake:1)
  5 black suns (Pan)
  63 cacodemons
  5 curse skulls
  7 draconian shifters
  11 ghouls
  16 draconian annihilators
  13 warmongers (Pan)
  2 draconian stormcallers
  3 angels
  27 reapers
  2 war gargoyles
  21 ironheart preservers
  6 spriggan defenders
  6 elemental wellsprings
  37 stone giants
  40 very ugly things
  An entropy weaver (shapeshifter) (Vaults:4)
  7 entropy weavers
  8 vampire knights
  Nessos (D:15)
  15 green draconians
  3 blood saints (Pan)
  6 corrupters (Pan)
  9 deep elf demonologists
  15 black draconians
  19 lorocyprocas
  A spark wasp (shapeshifter) (D:15)
  5 dire elephants (Lair:6)
  9 deep elf annihilators
  3 halazid warlocks (Desolation)
  17 purple draconians
  14 white draconians
  20 yellow draconians
  17 red draconians
  13 spark wasps
  12 ettins
  7 merfolk javelineers
  5 deep elf death magi
  An eidolon (Crypt:2)
  Snorg (D:11)
  13 fire dragons
  A quicksilver dragon zombie (Crypt:2)
  10 green deaths
  5 death oozes
  14 jiangshi
  24 blizzard demons
  3 crystal guardians
  10 ragged hierophants (Desolation)
  7 mummy priests
  A great orb of eyes (shapeshifter) (Abyss:1)
  24 yaktaur captains
  A fire dragon (shapeshifter) (Vaults:4)
  15 great orbs of eyes
  13 merfolk impalers
  11 deep elf high priests
  Josephine (D:11)
  4 quicksilver dragon skeletons
  Erolcha (D:9)
  31 ice dragons
  31 naga warriors
  Fannar (Lair:2)
  12 peacekeepers (Desolation)
  7 servants of whispers (Desolation)
  A hell beast (Pan)
  13 monstrous demonspawn (Pan)
  12 rakshasas
  33 vault guards
  6 hydras
  17 anacondas
  A kraken zombie (Coc:7)
  2 spriggan air magi
  2 juggernaut simulacra (Pan)
  An ice dragon (shapeshifter) (Vaults:3)
  8 centaur warriors
  A catoblepas (D:14)
  3 merfolk avatars
  9 death knights
  18 ogre magi
  3 anacondas (shapeshifter)
  6 merfolk aquamancers
  A queen ant (Lair:3)
  56 two-headed ogres
  A satyr (Shoals:4)
  4 death scarabs (Tomb:2)
  4 death yaks (Lair:5)
  4 tengu warriors
  30 thrashing horrors
  39 hell hogs
  6 deep troll shamans
  59 small abominations
  32 dancing weapons
  3 shock serpents (Snake:3)
  10 deep troll earth magi
  5 titan zombies
  A shock serpent (shapeshifter) (Depths:5)
  6 storm dragon zombies
  3 orc high priests
  16 naga sharpshooters
  33 wretched stars
  98 hell knights
  10 vampire magi
  44 soul eaters
  36 deep elf knights
  83 sun demons
  An iron golem (Hell)
  Nergalle (Lair:1)
  Sonja (Lair:2)
  6 spriggan berserkers
  4 salamander mystics
  A titan skeleton (Coc:5)
  A ghost moth zombie (Geh:3)
  69 skeletal warriors
  A fire crab (shapeshifter) (Abyss:4)
  11 spriggans
  A fire crab (Geh:4)
  2 iron trolls
  65 sixfirhies
  3 golden dragon zombies
  15 shadow wraiths
  A death drake (Abyss:4)
  9 spatial maelstroms
  5 storm dragon skeletons
  9 anaconda zombies
  10 gelid demonspawn (Pan)
  A sea snake (shapeshifter) (Depths:1)
  19 flayed ghosts
  8 shadow demons
  A quicksilver dragon simulacrum (Crypt:2)
  12 sea snakes
  11 torturous demonspawn (Pan)
  22 deep trolls
  6 unseen horrors
  A kraken simulacrum (Shoals:4)
  7 glowing orange brains
  13 naga ritualists
  7 infernal demonspawn (Pan)
  3 spriggan druids (Depths:2)
  Pikel (D:5)
  13 deep elf archers
  A lindwurm (shapeshifter) (Vaults:5)
  12 phantasmal warriors
  6 anaconda skeletons
  19 ironbrand convokers
  A harpy (shapeshifter) (Depths:2)
  4 shadow dragon zombies
  3 wolf spider zombies
  2 golden dragon skeletons
  9 wizards
  An orb spider (shapeshifter) (Vaults:2)
  12 orc knights
  3 orc sorcerers
  2 tengu skeletons
  2 iron dragon zombies
  5 draconians (Abyss:4)
  5 fire giant zombies
  5 frost giant zombies
  27 necromancers
  3 stone giant zombies
  13 fauns
  15 mana vipers
  5 shadow dragon skeletons
  14 harpies
  61 ugly things
  67 deep elf magi
  5 iron dragon skeletons
  6 shining eyes
  A salamander (shapeshifter) (Depths:1)
  4 fire giant skeletons
  18 salamanders
  A sphinx skeleton (Vaults:1)
  15 worldbinders
  19 vault sentinels
  A moth of wrath (shapeshifter) (Vaults:5)
  23 moths of wrath
  5 water nymphs
  16 elephants
  7 cyclopes
  8 frost giant skeletons
  18 naga magi
  14 stone giant skeletons
  11 rust devils
  11 manticores
  116 starcursed masses
  4 apocalypse crabs
  An elephant (shapeshifter) (Vaults:1)
  7 merfolk sirens
  4 centaur zombies
  45 black mambas
  Maurice (D:9)
  16 guardian serpents
  A black mamba (shapeshifter) (Depths:3)
  5 dire elephant zombies
  3 ice statues
  6 eyes of devastation
  13 molten gargoyles
  51 smoke demons
  2 human zombies
  2 emperor scorpion zombies
  8 spiny frogs
  A torpor snail (shapeshifter) (Vaults:5)
  27 hellions
  9 dire elephant skeletons
  A rime drake (shapeshifter) (Depths:2)
  69 orange demons
  3 rime drakes
  6 komodo dragons
  2 catoblepas zombies
  26 efreet
  A yellow draconian zombie (Crypt:2)
  38 freezing wraiths
  86 yaktaurs
  A kobold demonologist (D:14)
  7 guardian mummies
  11 demonic crawlers
  35 ice devils
  A white draconian skeleton (Crypt:3)
  7 anaconda simulacra
  30 hellwings
  30 tormentors
  26 ancient zymes
  A pale draconian skeleton (Crypt:3)
  2 ghost moth simulacra
  51 red devils
  2 tengu conjurers
  A jumping spider (shapeshifter) (Depths:3)
  2 red draconian skeletons
  11 trolls
  A sea snake skeleton (Crypt:3)
  4 catoblepas skeletons
  10 hydra zombies
  A meliai (shapeshifter) (Depths:5)
  2 yaktaur skeletons (Depths:1)
  A jumping spider (Vaults:3)
  36 merfolk
  2 wolf spider simulacra (Crypt:1)
  A wind drake (shapeshifter) (Vaults:4)
  A queen bee (shapeshifter) (Depths:3)
  A shadow dragon simulacrum (Crypt:1)
  90 saltlings (Desolation)
  4 harpy zombies (Shoals:2)
  13 hornets
  5 alligator zombies
  9 bog bodies
  A meliai zombie (D:15)
  9 snapping turtles
  6 fire dragon zombies
  A hornet (shapeshifter) (Vaults:5)
  6 hydra skeletons
  4 ettin zombies
  76 slime creatures
  11 hippogriffs
  11 blink frogs
  2 harpy skeletons
  2 frost giant simulacra
  4 stone giant simulacra
  3 wind drakes (Shoals:4)
  Prince Ribbit (D:5)
  15 dream sheep
  An alligator skeleton (Geh:5)
  4 ice dragon zombies
  67 raiju
  3 air elementals
  A fire giant simulacrum (Crypt:1)
  2 dire elephant simulacra
  15 redbacks
  3 ushabtiu (Tomb:1)
  84 flying skulls
  A tarantella (Vaults:4)
  42 ynoxinuls
  14 shadows
  A tarantella (shapeshifter) (Vaults:4)
  5 wyverns
  132 large abominations
  36 yaks
  2 black mamba zombies
  5 ice dragon skeletons
  3 vampires
  10 ettin skeletons
  28 water elementals
  5 hogs (Shoals:2)
  A black mamba skeleton (Coc:7)
  36 wraiths
  A basilisk (D:10)
  16 fire bats
  A human (shapeshifter) (Depths:3)
  27 fire elementals
  19 golden eyes
  53 chaos spawn
  4 fire dragon skeletons
  2 steam dragons
  A hungry ghost (D:13)
  64 neqoxecs
  A faun zombie (Crypt:3)
  19 spatial vortices (Abyss:4)
  A catoblepas simulacrum (Coc:5)
  3 human simulacra (Vaults:4)
  A vampire mosquito (D:13)
  A harpy simulacrum (Abyss:3)
  A soldier ant (shapeshifter) (Elf:1)
  11 insubstantial wisps
  5 wargs
  3 hydra simulacra
  67 nagas
  21 soldier ants
  An acid dragon (D:14)
  11 spiny frog zombies
  2 floating eyes
  47 hell hounds
  Duvessa (D:5)
  7 water moccasins
  An ice beast (shapeshifter) (Vaults:5)
  8 ice beasts
  3 sky beasts
  7 porcupines
  A black bear (shapeshifter) (Vaults:2)
  9 eyes of draining
  A sky beast (shapeshifter) (Abyss:3)
  6 snapping turtle zombies
  An ettin simulacrum (Abyss:3)
  46 orc warriors
  2 spiny frog skeletons
  An eye of draining (shapeshifter) (Vaults:3)
  2 black bears
  3 ice dragon simulacra
  44 ogres
  14 necrophages
  2 fire dragon simulacra (Crypt:1)
  6 phantoms
  11 boggarts
  17 wolves
  14 centaurs
  2 manticore zombies
  3 manticore skeletons
  3 snapping turtle skeletons
  An elf simulacrum (Vaults:1)
  10 human skeletons
  A crocodile (shapeshifter) (Depths:3)
  3 swamp dragon skeletons
  11 crocodiles
  A draconian zombie (Crypt:2)
  2 elf zombies
  A hippogriff zombie (Shoals:2)
  6 big kobolds
  17 bullfrogs
  5 earth elementals
  A gnoll sergeant (D:7)
  An ogre simulacrum (Vaults:1)
  Dowan (D:5)
  A wyvern skeleton (D:11)
  4 scorpions
  A raiju zombie (Crypt:1)
  A warg skeleton (Crypt:3)
  A snapping turtle simulacrum (Crypt:1)
  61 wights
  9 killer bees
  A yak skeleton (Crypt:1)
  8 howler monkeys
  9 jellies
  A wolf zombie (Crypt:3)
  6 electric eels
  13 crimson imps
  3 bullfrog zombies
  10 quasits
  A black bear zombie (Crypt:2)
  Crazy Yiuf (D:2)
  4 centaur skeletons
  A gnoll shaman (D:9)
  9 hounds
  A yaktaur simulacrum (Vaults:1)
  24 orc priests
  2 bullfrog skeletons
  2 iguanas
  7 iron imps
  Terence (D:2)
  22 orc wizards
  4 hell rats (Lair:5)
  31 worker ants
  A killer bee zombie (D:5)
  2 naga zombies
  A tengu zombie (Geh:7)
  An ogre zombie (Crypt:1)
  An acid dragon zombie (Crypt:1)
  A big kobold skeleton (Crypt:1)
  An ogre skeleton (Pan)
  A naga skeleton (Geh:7)
  2 hound skeletons
  26 mummies
  2 howler monkey zombies
  18 adders
  A gnoll (shapeshifter) (Vaults:4)
  17 gnolls
  4 river rats (Sewer)
  7 shadow imps
  16 white imps
  7 ufetubi
  8 oozes
  2 adder skeletons
  An adder zombie (D:5)
  4 worms
  4 dart slugs
  5 leopard geckos
  133 orcs
  A ball python (D:1)
  7 bats
  6 giant cockroaches
  7 goblins
  10 hobgoblins
  13 jackals
  3 quokkas
  A ball python skeleton (Crypt:1)
  11 frilled lizards
  A frilled lizard skeleton (Crypt:3)
  A goblin zombie (Crypt:2)
  A hobgoblin zombie (Crypt:3)
  A jackal skeleton (D:4)
  A jackal zombie (D:8)
  28 kobolds
  A kobold simulacrum (Crypt:1)
  3 quokka skeletons
  30 rats
  A block of ice (Pan)
  A bush (Lair:5)
  2 crawling corpses (Elf:3)
  3 fire vortices
  3 fungi
  4 lurking horrors
  9 pillars of salt
  15 plants
  19 starspawn tentacles
  8 tentacles
5796 creatures vanquished.

Vanquished Creatures (collateral kills)
  An ancient lich (Vaults:4)
  An ettin (Vaults:4)
  An ice devil (Coc:7)
  A starspawn tentacle (Abyss:3)
4 creatures vanquished.

Vanquished Creatures (others)
  A tentacled monstrosity (Abyss:4)
  2 tentacled starspawn (Abyss:4)
  A death cob (Zot:1)
  2 eldritch tentacles (Pan)
  A fire giant (Depths:4)
  A draconian knight (Zot:4)
  A draconian stormcaller (Zot:4)
  A cacodemon (Pan)
  A bennu (Tomb:3)
  A green draconian (Zot:5)
  A vampire knight (Depths:4)
  2 deep elf annihilators (Pan)
  2 green deaths (Pan)
  A yaktaur captain (Vaults:5)
  2 ogre magi
  12 death scarabs (Tomb:2)
  A hell hog (Geh:2)
  5 thrashing horrors (Abyss:4)
  A sun demon (Pan)
  An anaconda zombie (Abyss:4)
  A spatial maelstrom (Abyss:4)
  A naga ritualist (Snake:4)
  A necromancer (Abyss:4)
  An anaconda skeleton (Abyss:4)
  A wizard (Pan)
  A wolf spider zombie (Geh:7)
  An orb spider (Abyss:4)
  A moth of wrath (Zot:5)
  A frost giant skeleton (Abyss:4)
  A hellion (Geh:7)
  A demonic crawler (Abyss:4)
  2 hellwings
  3 tormentors
  An ancient zyme (Abyss:4)
  A hornet (Depths:2)
  6 raiju (Abyss:4)
  A harpy skeleton (Geh:4)
  An air elemental (Abyss:4)
  A flying skull (Geh:4)
  A ynoxinul (Abyss:4)
  A black mamba zombie (Geh:7)
  A fire dragon skeleton (Geh:7)
  A wraith (Geh:7)
  3 golden eyes (Abyss:4)
  A neqoxec (Pan)
  2 chaos spawn (Abyss:4)
  17 spatial vortices (Abyss:4)
  12 large abominations (Abyss:4)
  2 small abominations (Abyss:4)
  A hell hound (Geh:2)
  An ogre (Depths:2)
  2 necrophages
  A manticore skeleton (Geh:7)
  A big kobold (shapeshifter) (Depths:2)
  A spriggan skeleton (Geh:7)
  3 wights
  A howler monkey (D:5)
  An elf simulacrum (Abyss:4)
  A gnoll (D:7)
  23 ball lightnings (Pan)
  2 orcs
  A giant cockroach (D:5)
  A block of ice (Pan)
  4 fungi
  6 lurking horrors
  129 pillars of salt
  28 plants
  51 starspawn tentacles
  20 tentacles
386 creatures vanquished.

Grand Total: 6186 creatures vanquished

Notes
Turn   | Place    | Note
-------+----------+-------------------------------------------
     0 | D:1      | grindst0ne the Formicid Fighter began the quest for the Orb.
     0 | D:1      | Reached XP level 1. HP: 18/18 MP: 1/1
   229 | D:1      | Reached XP level 2. HP: 25/25 MP: 2/2
   525 | D:1      | Reached XP level 3. HP: 28/30 MP: 3/3
   965 | D:2      | Reached skill level 1 in Dodging
   965 | D:2      | Reached XP level 4. HP: 30/38 MP: 4/4
   969 | D:2      | Reached skill level 5 in Fighting
  1148 | D:2      | Noticed Terence
  1161 | D:2      | Killed Terence
  1161 | D:2      | Reached XP level 5. HP: 31/44 MP: 5/5
  1703 | D:2      | Found a runed door.
  1760 | D:2      | Noticed Crazy Yiuf
  1770 | D:2      | Killed Crazy Yiuf
  1770 | D:2      | Reached skill level 5 in Shields
  2256 | D:3      | Reached XP level 6. HP: 51/51 MP: 6/6
  2741 | D:3      | Noticed a moth of wrath
  2744 | D:3      | Found a bloodstained altar of Trog.
  3168 | D:4      | Noticed a phantom
  3201 | D:4      | Killed a phantom
  3201 | D:4      | Reached XP level 7. HP: 52/56 MP: 7/7
  3369 | D:4      | Found an iron altar of Okawaru.
  3527 | D:4      | Found a glowing drain.
  3542 | Sewer    | Entered a sewer
  4876 | D:4      | Became a worshipper of Warmaster Okawaru
  4921 | D:4      | Reached XP level 8. HP: 62/62 MP: 8/8
  4990 | D:5      | Entered Level 5 of the Dungeon
  5111 | D:5      | Noticed Duvessa
  5111 | D:5      | Noticed Dowan
  5136 | D:5      | Killed Duvessa
  5136 | D:5      | Reached skill level 5 in Armour
  5149 | D:5      | Killed Dowan
  5240 | D:5      | Reached * piety under Okawaru
  5519 | D:5      | Got a crude silver ring
  5550 | D:5      | Identified the ring "Mameph" {rN+ Dex+2} (You found it on level 5 of the Dungeon)
  5717 | D:5      | Found a staircase to the Ecumenical Temple.
  5778 | D:5      | Reached XP level 9. HP: 41/68 MP: 9/9
  5910 | D:5      | Noticed Prince Ribbit
  5910 | D:5      | Noticed Pikel
  5942 | D:5      | Killed Pikel
  5942 | D:5      | Reached ** piety under Okawaru
  5942 | D:5      | Reached skill level 5 in Axes
  6034 | D:5      | Killed Prince Ribbit
  6096 | D:5      | Found a glowing silver altar of Zin.
  6096 | D:5      | Found a glowing golden altar of the Shining One.
  6695 | D:6      | Reached XP level 10. HP: 74/74 MP: 10/10
  6951 | D:7      | Reached *** piety under Okawaru
  6974 | D:6      | Reached skill level 5 in Dodging
  7290 | D:7      | Found a hazy altar of Hepliaklqana.
  7481 | D:7      | Found a stormy altar of Qazlal.
  8357 | D:8      | Reached skill level 1 in Evocations
  8696 | D:9      | Found Zapnam's Weapon Emporium.
  8762 | D:9      | Noticed Erolcha
  8780 | D:9      | Killed Erolcha
  8780 | D:9      | Reached **** piety under Okawaru
  8780 | D:9      | Reached skill level 5 in Evocations
  9180 | D:9      | Reached XP level 11. HP: 84/84 MP: 15/15
  9359 | D:9      | Noticed Maurice
  9434 | D:9      | Killed Maurice
  9702 | D:9      | Reached ***** piety under Okawaru
  9888 | D:10     | Entered Level 10 of the Dungeon
  9912 | D:10     | Reached skill level 10 in Armour
 10190 | D:10     | Received a gift from Okawaru
 10298 | D:10     | Found a staircase to the Lair.
 10298 | D:10     | Noticed an unseen horror
 10333 | D:10     | Killed an unseen horror
 10343 | D:10     | Noticed a two-headed ogre
 10346 | D:10     | Killed a two-headed ogre
 10578 | D:10     | Reached XP level 12. HP: 73/91 MP: 17/17
 10605 | D:10     | Noticed an unseen horror
 10624 | D:10     | Killed an unseen horror
 11224 | D:10     | Received a gift from Okawaru
 11227 | D:10     | Got a jewelled broad axe {god gift}
 11228 | D:10     | Identified the +8 broad axe of the Grave {elec, Int+2} (Okawaru gifted it to you on level 10 of the Dungeon)
 11303 | D:11     | Noticed Snorg
 11306 | D:11     | Noticed Josephine
 11429 | Lair:1   | Entered Level 1 of the Lair of Beasts
 11431 | Lair:1   | Noticed a six-headed hydra
 11669 | Lair:1   | Killed a six-headed hydra
 11806 | Lair:1   | Gained mutation: You are surrounded by a mild repulsion field. (EV +2) [potion of mutation]
 11806 | Lair:1   | Gained mutation: You are robust. (+10% HP) [potion of mutation]
 11806 | Lair:1   | Gained mutation: Your flesh is heat resistant. (rF+) [potion of mutation]
 12013 | Lair:1   | Noticed Nergalle
 12034 | Lair:1   | Killed Nergalle
 12740 | Lair:2   | Reached skill level 10 in Axes
 12849 | Lair:2   | Reached ****** piety under Okawaru
 13125 | Lair:2   | Found a staircase to the Snake Pit.
 13208 | Lair:2   | Noticed Sonja
 13222 | Lair:2   | Killed Sonja
 13243 | Lair:2   | Got a slimy leather armour
 13254 | Lair:2   | Identified the +3 leather armour of the Monkey {Int+4} (You found it on level 2 of the Lair of Beasts)
 13359 | Lair:2   | Noticed Fannar
 13379 | Lair:2   | Killed Fannar
 13571 | Lair:2   | Found a staircase to the Shoals.
 13763 | Lair:3   | Reached XP level 13. HP: 105/105 MP: 19/19
 13773 | Lair:2   | Received a gift from Okawaru
 15075 | Lair:4   | Found a hide-covered altar of Uskayaw.
 15875 | Lair:5   | Found a viscous altar of Jiyva.
 15875 | Lair:5   | Found a staircase to the Slime Pits.
 16110 | Lair:5   | Noticed a six-headed hydra
 16115 | Lair:5   | Killed a six-headed hydra
 16115 | Lair:5   | Received a gift from Okawaru
 16211 | Lair:5   | Reached skill level 10 in Fighting
 16211 | Lair:5   | Reached XP level 14. HP: 43/121 MP: 20/20
 16731 | Lair:5   | Reached skill level 1 in Invocations
 17078 | Lair:6   | Entered Level 6 of the Lair of Beasts
 17323 | Lair:6   | Received a gift from Okawaru
 17341 | Lair:6   | Got a translucent plate armour {god gift}
 17363 | Lair:6   | Identified the +8 plate armour of the Vestibule of Hell {rElec rC+ Dex+4 Slay-3} (Okawaru gifted it to you on level 6 of the Lair of Beasts)
 18217 | Lair:6   | Reached skill level 15 in Axes
 18340 | Lair:6   | Noticed a dire elephant
 18340 | Lair:6   | Noticed a dire elephant
 18358 | Lair:6   | Killed a dire elephant
 18364 | Lair:6   | Killed a dire elephant
 18409 | Lair:6   | Noticed a dire elephant
 18423 | Lair:6   | Killed a dire elephant
 18542 | Lair:6   | Noticed a dire elephant
 18545 | Lair:6   | Noticed a dire elephant
 18552 | Lair:6   | Killed a dire elephant
 18563 | Lair:6   | Killed a dire elephant
 18873 | D:11     | Killed Josephine
 18880 | D:10     | Reached XP level 15. HP: 126/127 MP: 21/21
 19007 | D:11     | Killed Snorg
 19007 | D:11     | Reached skill level 10 in Shields
 19406 | D:11     | Found a staircase to the Orcish Mines.
 19521 | D:11     | Received a gift from Okawaru
 19528 | D:11     | Got a pair of brightly glowing gloves {god gift}
 19539 | D:11     | Identified the +2 pair of gloves "Elunises" {SInv} (Okawaru gifted it to you on level 11 of the Dungeon)
 20780 | D:13     | Found a gate to the Vaults.
 20796 | D:13     | Reached skill level 15 in Shields
 21125 | D:13     | Received a gift from Okawaru
 21750 | D:14     | Reached XP level 16. HP: 138/138 MP: 22/22
 22213 | D:15     | Entered Level 15 of the Dungeon
 22641 | D:15     | Noticed Nessos
 22669 | D:15     | Killed Nessos
 22710 | D:15     | Identified a scroll of acquirement
 22713 | D:15     | Got an ancient plate armour
 22724 | D:15     | Identified the +1 plate armour of Quantum Leap {Int+3} (You acquired it on level 15 of the Dungeon)
 22740 | D:15     | Got a jewelled ring mail
 22751 | D:15     | Identified the +1 ring mail "Vuijonydd" {rPois rC+} (You found it on level 15 of the Dungeon)
 22782 | D:15     | Found a shattered altar of Ashenzari.
 22825 | D:15     | Found a staircase to the Depths.
 23121 | D:15     | Received a gift from Okawaru
 23491 | Orc:1    | Entered Level 1 of the Orcish Mines
 23644 | Orc:2    | Entered Level 2 of the Orcish Mines
 23644 | Orc:2    | Found a staircase to the Elven Halls.
 24155 | Orc:2    | Found Koemmisk's Antique Armour Shoppe.
 24156 | Orc:2    | Found a roughly hewn altar of Beogh.
 24159 | Orc:2    | Found Xyajat's Antique Weapon Emporium.
 24245 | Orc:2    | Found a roughly hewn altar of Beogh.
 24265 | Orc:2    | Found Giafatt's Weapon Boutique.
 24295 | Orc:2    | Found a roughly hewn altar of Beogh.
 24296 | Orc:2    | Found Cauheegg's Gadget Emporium.
 24475 | Orc:2    | Found a roughly hewn altar of Beogh.
 24475 | Orc:2    | Found Adujad's Distillery.
 24482 | Orc:2    | Reached skill level 15 in Fighting
 24523 | Orc:2    | Found a roughly hewn altar of Beogh.
 24961 | Snake:1  | Entered Level 1 of the Snake Pit
 25093 | Snake:1  | Found a hazy altar of Hepliaklqana.
 25141 | Snake:1  | Noticed Nikola
 25175 | Snake:1  | Killed Nikola
 25175 | Snake:1  | Reached XP level 17. HP: 157/157 MP: 23/23
 25217 | Snake:1  | Received a gift from Okawaru
 25731 | Snake:1  | Noticed Aizul
 25746 | Snake:1  | Killed Aizul
 25895 | Snake:2  | Received a gift from Okawaru
 26281 | Snake:2  | Found Ceebb's Gadget Boutique.
 26283 | Snake:2  | Found Suiriwu's Jewellery Shoppe.
 26284 | Snake:2  | Found Vuwnid's Gadget Boutique.
 26396 | Snake:2  | Bought the ring "Uwnophob" {MR+ Str+5 Slay+3} for 749 gold pieces
 27262 | Snake:3  | Received a gift from Okawaru
 27393 | Snake:3  | Reached XP level 18. HP: 143/174 MP: 24/24
 28085 | Snake:4  | Entered Level 4 of the Snake Pit
 28111 | Snake:4  | Found Ereifos's Antique Armour Emporium.
 28448 | Snake:4  | Received a gift from Okawaru
 28849 | Snake:4  | Received a gift from Okawaru
 29105 | Snake:4  | Reached skill level 15 in Armour
 29161 | Snake:4  | Reached XP level 19. HP: 142/182 MP: 25/25
 29211 | Snake:4  | Got a serpentine rune of Zot
 29486 | Snake:4  | Received a gift from Okawaru
 29691 | Snake:4  | Reached skill level 10 in Dodging
 29927 | Shoals:1 | Entered Level 1 of the Shoals
 30879 | Shoals:2 | Received a gift from Okawaru
 31151 | Shoals:2 | Noticed Kirke
 31162 | Shoals:2 | Killed Kirke
 31525 | Shoals:3 | Noticed Ilsuiw
 31545 | Shoals:3 | Killed Ilsuiw
 31823 | Shoals:3 | Reached XP level 20. HP: 188/191 MP: 26/26
 32172 | Shoals:4 | Entered Level 4 of the Shoals
 32562 | Shoals:4 | Received a gift from Okawaru
 32603 | Shoals:4 | Received a gift from Okawaru
 33022 | Shoals:4 | Identified the +6 hand axe "Asettala" {chop, rF+} (Okawaru gifted it to you on level 4 of the Shoals)
 33136 | Shoals:4 | Got a smoking battleaxe
 33137 | Shoals:4 | Identified the cursed +1 battleaxe of Honour {chop, rElec Str-3 Int+4 Stlth+} (You found it on level 4 of the Shoals)
 33228 | Shoals:4 | Got a barnacled rune of Zot
 33251 | Shoals:4 | Got a shimmering shield
 33262 | Shoals:4 | Identified the +1 shield of the Modern Wars {rElec} (You found it on level 4 of the Shoals)
 33793 | Vaults:1 | Entered Level 1 of the Vaults
 34546 | Vaults:1 | Received a gift from Okawaru
 34598 | Vaults:1 | Identified the Almanac of Confrontation
 34935 | Vaults:1 | Received a gift from Okawaru
 34951 | Vaults:1 | Identified a +2 pair of boots of running (Okawaru gifted it to you on level 1 of the Vaults)
 35167 | Vaults:2 | Reached XP level 21. HP: 187/198 MP: 27/27
 35635 | Vaults:2 | Noticed Bai Suzhen
 35653 | Vaults:2 | Killed Bai Suzhen
 36255 | Vaults:3 | Received a gift from Okawaru
 36270 | Vaults:3 | Identified the +4 scale mail of Happy Babbling {+Fly rN+ SInv} (Okawaru gifted it to you on level 3 of the Vaults)
 36606 | Vaults:3 | Found Unogy's Armour Boutique.
 36741 | Vaults:3 | Reached XP level 22. HP: 204/205 MP: 20/28
 37194 | Vaults:3 | Found a staircase to the Crypt.
 37320 | Vaults:3 | Received a gift from Okawaru
 37404 | Vaults:3 | Noticed Jorgrun
 37416 | Vaults:3 | Killed Jorgrun
 38817 | Vaults:4 | Received a gift from Okawaru
 39052 | Vaults:5 | Entered Level 5 of the Vaults
 39052 | Vaults:5 | Noticed Jory
 39077 | Vaults:4 | Reached XP level 23. HP: 150/213 MP: 29/29
 39237 | Vaults:5 | Received a gift from Okawaru
 39269 | Vaults:4 | Killed Jory
 39278 | Vaults:4 | Got a steaming cloak
 39289 | Vaults:4 | Identified the +0 cloak "Fuhoal" {Int+4 Slay+2} (You acquired it on level 4 of the Vaults)
 40090 | Vaults:5 | Noticed a golden dragon
 40091 | Vaults:5 | Received a gift from Okawaru
 40093 | Vaults:5 | Noticed an ancient lich
 40867 | Vaults:4 | Was placed under penance by Okawaru
 40872 | Vaults:4 | Killed an ancient lich
 40918 | Vaults:4 | Was forgiven by Okawaru
 41322 | Vaults:4 | Killed a golden dragon
 41427 | Vaults:4 | Reached XP level 24. HP: 141/221 MP: 29/29
 42054 | Vaults:5 | Received a gift from Okawaru
 43487 | Vaults:5 | Received a gift from Okawaru
 43728 | Vaults:5 | Got a silver rune of Zot
 43739 | Vaults:5 | Got a smoking iron amulet
 43768 | Vaults:5 | Noticed Xtahua
 43772 | Vaults:5 | Killed Xtahua
 43774 | Vaults:5 | Found Loheyf's Antique Weapon Shoppe.
 43787 | Vaults:5 | Got a pair of pitted gloves
 43800 | Vaults:5 | Identified the +2 pair of gloves "Zerarosk" {Str+6} (You found it on level 5 of the Vaults)
 43889 | Vaults:5 | Noticed a golden dragon
 43897 | Vaults:5 | Killed a golden dragon
 44384 | Vaults:5 | Identified Tisoseurph's Guide on Translocation and Sinister Rites
 45006 | Depths:1 | Entered Level 1 of the Depths
 45151 | Depths:1 | Found a gateway to Hell.
 45153 | Depths:1 | Found a portal to a secret trove of treasure.
 45206 | Depths:1 | Reached XP level 25. HP: 226/226 MP: 29/29
 45220 | Depths:1 | Reached skill level 5 in Invocations
 45255 | Depths:1 | Received a gift from Okawaru
 45276 | Depths:1 | Found a one-way gate leading to the halls of Pandemonium.
 45542 | Depths:1 | Reached skill level 10 in Evocations
 45568 | Depths:1 | Received a gift from Okawaru
 45625 | Depths:1 | Got a slimy bronze ring
 45630 | Depths:1 | Identified the ring of Kubez {rElec AC+3} (You took it off a spriggan air mage on level 1 of the Depths)
 45635 | Depths:1 | Got a brightly glowing morningstar {elec}
 45636 | Depths:1 | Identified the +6 morningstar of the Shallot {elec, Dex+4} (You took it off a spriggan air mage on level 1 of the Depths)
 46301 | Depths:2 | Received a gift from Okawaru
 46332 | Depths:2 | Got a dazzling broad axe {god gift}
 46333 | Depths:2 | Identified the +1 broad axe "Tozewage" {chop, rElec rN++} (Okawaru gifted it to you on level 2 of the Depths)
 46482 | Depths:2 | Found a gateway to a ziggurat.
 47053 | Depths:2 | Received a gift from Okawaru
 47578 | Depths:2 | Identified the amulet of Butsonud {Spirit +Blink rElec Str+2 Dex-3} (You took it off a deep elf mage on level 5 of the Vaults)
 48204 | Depths:3 | Found Bugon's Gadget Emporium.
 48357 | Depths:3 | Reached XP level 26. HP: 243/243 MP: 30/30
 48963 | Depths:4 | Noticed Louise
 48964 | Depths:4 | Found a one-way gate to the infinite horrors of the Abyss.
 48973 | Depths:4 | Killed Louise
 49177 | Depths:4 | Received a gift from Okawaru
 49742 | Depths:4 | Found a runed gate.
 49742 | Depths:4 | Found a runed gate.
 49742 | Depths:4 | Found a runed gate.
 49922 | Depths:4 | Found a runed gate.
 49922 | Depths:4 | Found a runed gate.
 49922 | Depths:4 | Found a runed gate.
 50344 | Depths:5 | Entered Level 5 of the Depths
 50773 | Depths:5 | Received a gift from Okawaru
 50783 | Depths:5 | Reached XP level 27. HP: 232/260 MP: 30/30
 51087 | Depths:5 | Received a gift from Okawaru
 51557 | Depths:5 | Noticed a juggernaut
 51570 | Depths:5 | Killed a juggernaut
 51634 | Depths:5 | Found a gate to the Realm of Zot.
 51922 | Elf:1    | Entered Level 1 of the Elven Halls
 52173 | Elf:1    | Found Ohuicucs's Gadget Shop.
 52173 | Elf:1    | Found Tuafyigg's General Store.
 52174 | Elf:1    | Found Vaemots's Jewellery Shop.
 52179 | Elf:1    | Found Teeg's Gadget Boutique.
 52321 | Elf:1    | Received a gift from Okawaru
 52925 | Elf:2    | Found a glowing silver altar of Zin.
 52925 | Elf:2    | Found a glowing golden altar of the Shining One.
 52926 | Elf:2    | Found a ruined gateway.
 52927 | Elf:2    | Found a white marble altar of Elyvilon.
 52993 | Desolati | Entered the Desolation of Salt
 53043 | Desolati | Received a gift from Okawaru
 53146 | Desolati | Identified Huicw's Catalogue of Spatial Envenoming
 53152 | Desolati | Identified Samuocui's Almanac of Dislocation
 53168 | Desolati | Got a brightly glowing platinum ring
 53171 | Desolati | Identified the ring "Lanaplug" {rPois MR+} (You found it in the Desolation of Salt)
 53347 | Desolati | Received a gift from Okawaru
 53719 | Desolati | Identified Sif Muna's Reference Book on Intoxication
 53721 | Desolati | Identified the Incunabulum of Vitriolic Boosts
 53729 | Desolati | Identified the ring of Fahaokiz {+Blink rC+ Int+5} (You found it in the Desolation of Salt)
 54125 | Elf:2    | Found a huge runed gate.
 54125 | Elf:2    | Found a huge runed gate.
 54125 | Elf:2    | Found a huge runed gate.
 54133 | Elf:2    | Found a huge runed gate.
 54133 | Elf:2    | Found a huge runed gate.
 54287 | Elf:2    | Found Nemampun's Magic Scroll Emporium.
 54295 | Elf:2    | Bought a scroll of recharging for 142 gold pieces
 54295 | Elf:2    | Bought 2 scrolls of identify for 60 gold pieces
 54295 | Elf:2    | Bought a scroll of recharging for 142 gold pieces
 54961 | Elf:3    | Entered Level 3 of the Elven Halls
 55546 | Elf:3    | Received a gift from Okawaru
 55953 | Elf:3    | Received a gift from Okawaru
 56530 | Elf:3    | Identified the amulet "Puol" {rF+ MR+ Regen+ Stlth+} (You took it off a deep elf death mage on level 3 of the Elven Halls)
 56556 | Elf:3    | Found Diyraisk's Distillery.
 56562 | Elf:3    | Bought a potion of flight for 42 gold pieces
 56562 | Elf:3    | Bought a potion of might for 56 gold pieces
 56562 | Elf:3    | Bought a potion of haste for 140 gold pieces
 57177 | Zot:1    | Entered Level 1 of the Realm of Zot
 57200 | Zot:1    | Noticed an orb of fire
 57211 | Zot:1    | Gained mutation: Scrolls take you a little longer to read. [an orb of fire]
 57216 | Zot:1    | Gained mutation: You occasionally shout uncontrollably at your foes. [an orb of fire]
 57224 | Zot:1    | Gained mutation: You are weak. (Str -2) [an orb of fire]
 57225 | Zot:1    | Killed an orb of fire
 58373 | Zot:1    | Noticed an orb of fire
 58386 | Zot:1    | Gained mutation: Scrolls take you longer to read. [an orb of fire]
 58387 | Zot:1    | Gained mutation: You are dopey. (Int -2) [an orb of fire]
 58388 | Zot:1    | Killed an orb of fire
 58686 | Zot:1    | Received a gift from Okawaru
 59873 | Zot:2    | Noticed an orb of fire
 59878 | Zot:2    | Gained mutation: You have large cloven feet. [an orb of fire]
 59889 | Zot:2    | Gained mutation: Your magical capacity is low. (-10% MP) [an orb of fire]
 59891 | Zot:2    | Gained mutation: Armour fits poorly on your strangely shaped body. [an orb of fire]
 59903 | Zot:2    | Gained mutation: Your magical capacity is very low. (-20% MP) [an orb of fire]
 59905 | Zot:2    | Killed an orb of fire
 59905 | Zot:2    | Received a gift from Okawaru
 60557 | Zot:3    | Reached skill level 15 in Dodging
 61776 | Zot:3    | Received a gift from Okawaru
 61857 | Zot:4    | Noticed an orb of fire
 61896 | Zot:3    | Gained mutation: Your magical capacity is extremely low. (-30% MP) [an orb of fire]
 61898 | Zot:3    | Killed an orb of fire
 63364 | Vaults:4 | Received a gift from Okawaru
 64082 | Orc:2    | Bought a potion of curing for 42 gold pieces
 64082 | Orc:2    | Bought 2 potions of flight for 84 gold pieces
 64082 | Orc:2    | Bought a potion of agility for 56 gold pieces
 64082 | Orc:2    | Bought a potion of curing for 42 gold pieces
 64141 | Orc:2    | Bought a warped plate armour for 868 gold pieces
 64152 | Orc:2    | Identified the cursed +0 plate armour of Irhiahiz {rElec Dex+5} (You bought it in a shop on level 2 of the Orcish Mines)
 64393 | Elf:3    | Bought a potion of curing for 42 gold pieces
 64720 | Snake:4  | Bought a pair of glowing gloves for 195 gold pieces
 64834 | Snake:2  | Bought the ring of Charity {+Fly rElec SInv} for 342 gold pieces
 65570 | Zot:4    | Lost mutation: Armour fits poorly on your strangely shaped body. [a Zot trap]
 66085 | Zot:1    | Received a gift from Okawaru
 66934 | Zot:5    | Entered Level 5 of the Realm of Zot
 67465 | Zot:5    | Noticed an ancient lich
 67521 | Zot:5    | Killed an ancient lich
 67585 | Zot:5    | Noticed an ancient lich
 67605 | Zot:5    | Killed an ancient lich
 68062 | Zot:5    | Received a gift from Okawaru
 68088 | Zot:5    | Noticed an orb of fire
 68089 | Zot:5    | Gained mutation: You do not regenerate when monsters are visible. [an orb of fire]
 68099 | Zot:5    | Gained mutation: You are clumsy. (Dex -2) [an orb of fire]
 68109 | Zot:5    | Gained mutation: Scrolls take you much longer to read. [an orb of fire]
 68122 | Zot:5    | Lost mutation: Scrolls take you much longer to read. [an orb of fire]
 68134 | Zot:5    | Lost mutation: You are robust. (+10% HP) [an orb of fire]
 68136 | Zot:5    | Killed an orb of fire
 68279 | Zot:5    | Noticed an orb of fire
 68414 | Zot:5    | Noticed an orb of fire
 68425 | Zot:5    | Gained mutation: You expend magic power (3 MP) to strengthen your wands. [an orb of fire]
 68456 | Zot:5    | Gained mutation: Armour fits poorly on your strangely shaped body. [an orb of fire]
 68458 | Zot:5    | Gained mutation: Your body sometimes deteriorates upon taking damage. [an orb of fire]
 68461 | Zot:5    | Killed an orb of fire
 68463 | Zot:5    | Gained mutation: Scrolls take you much longer to read. [an orb of fire]
 68468 | Zot:5    | Gained mutation: You are frail. (-10% HP) [an orb of fire]
 68471 | Zot:5    | Lost mutation: You are clumsy. (Dex -2) [an orb of fire]
 68479 | Zot:5    | Gained mutation: Your body often deteriorates upon taking damage. [an orb of fire]
 68482 | Zot:5    | Gained mutation: You are clumsy. (Dex -2) [an orb of fire]
 68488 | Zot:5    | Killed an orb of fire
 68715 | Zot:5    | Noticed an orb of fire
 68735 | Zot:5    | Gained mutation: You are very clumsy. (Dex -4) [an orb of fire]
 68849 | Zot:5    | Lost mutation: You are dopey. (Int -2) [an orb of fire]
 68855 | Zot:5    | Killed an orb of fire
 69106 | Zot:5    | Received a gift from Okawaru
 69109 | Zot:5    | Got a smoking shield {god gift}
 69120 | Zot:5    | Identified the +9 shield "Poequna" {rC+} (Okawaru gifted it to you on level 5 of the Realm of Zot)
 69164 | Zot:5    | Noticed an orb of fire
 69178 | Zot:5    | Gained mutation: You are very frail. (-20% HP) [an orb of fire]
 69200 | Zot:5    | Gained mutation: You sometimes yell uncontrollably at your foes. [an orb of fire]
 69203 | Zot:5    | Gained mutation: You are extremely frail. (-30% HP) [an orb of fire]
 69339 | Zot:5    | Gained mutation: Your spells are a little easier to cast, but a little less powerful. [an orb of fire]
 69355 | Zot:5    | Gained mutation: Your spells are easier to cast, but less powerful. [an orb of fire]
 69372 | Zot:5    | Killed an orb of fire
 70062 | Zot:5    | Received a gift from Okawaru
 70915 | Temple   | Entered the Ecumenical Temple
 71451 | Crypt:1  | Entered Level 1 of the Crypt
 71456 | Crypt:1  | Noticed Mennas
 71506 | Crypt:1  | Noticed Boris
 71514 | Crypt:1  | Noticed Frederick
 71525 | Crypt:1  | Killed Mennas
 71525 | Crypt:1  | Killed Boris
 71532 | Crypt:1  | Killed Frederick
 71714 | Crypt:1  | Got a fine brass amulet
 72084 | Crypt:1  | Reached skill level 27 in Fighting
 72544 | Crypt:2  | Received a gift from Okawaru
 72572 | Crypt:2  | Got a pair of spiked gloves {god gift}
 72583 | Crypt:2  | Identified the +3 pair of gloves of Funutet {Int+3} (Okawaru gifted it to you on level 2 of the Crypt)
 73515 | Crypt:3  | Entered Level 3 of the Crypt
 73913 | Crypt:3  | Noticed Mara
 73922 | Crypt:3  | Noticed grindst0ne's illusion
 74084 | Crypt:3  | Killed Mara
 74087 | Crypt:3  | Received a gift from Okawaru
 74321 | Crypt:3  | Found a staircase to the Tomb.
 74368 | Crypt:3  | Noticed an ancient lich
 74389 | Crypt:3  | Noticed an ancient lich
 74389 | Crypt:3  | Noticed an ancient lich
 74432 | Crypt:3  | Identified the amulet of Ryigen {Spirit rN+} (You took it off a death knight on level 1 of the Crypt)
 74458 | Crypt:3  | Got an ancient zirconium amulet
 74458 | Crypt:3  | Got a brightly glowing granite ring
 74622 | Crypt:2  | Identified the amulet "Qeschalie" {+Blink Regen+ Str+2 Dex+2} (You found it on level 3 of the Crypt)
 75655 | Hell     | Entered the Vestibule of Hell
 75655 | Hell     | Noticed Geryon
 75945 | Hell     | Killed Geryon
 76764 | Hell     | Found a gateway to the decaying netherworld of Tartarus.
 76852 | Hell     | Found a gateway to the ashen valley of Gehenna.
 76942 | Hell     | Found a gateway to the Iron City of Dis.
 76991 | Hell     | Found a gateway to the freezing wastes of Cocytus.
 77282 | Geh:1    | Entered Level 1 of Gehenna
 77463 | Geh:1    | Received a gift from Okawaru
 78955 | Geh:4    | Received a gift from Okawaru
 78978 | Geh:4    | Got a pair of faintly humming gloves {god gift}
 80363 | Depths:2 | Identified the +0 pair of gloves of Unambiguity {rPois} (Okawaru gifted it to you on level 4 of Gehenna)
 80832 | Geh:5    | Reached skill level 10 in Invocations
 80851 | Geh:5    | Received a gift from Okawaru
 81148 | Geh:7    | Entered Level 7 of Gehenna
 81501 | Geh:7    | Received a gift from Okawaru
 81508 | Geh:7    | HP: 5/174 [fire giant/fireball (7)]
 81523 | Geh:7    | Gained mutation: You frequently scream uncontrollably at your foes. [mutagenic glow]
 82031 | D:5      | Fell from the grace of Okawaru
 82031 | D:5      | Became a worshipper of Zin the Law-Giver
 82031 | D:5      | Reached * piety under Zin
 82031 | D:5      | Reached ** piety under Zin
 82052 | D:5      | Donated 2810 gold pieces to Zin
 82061 | D:5      | Donated 1405 gold pieces to Zin
 82062 | D:5      | Donated 703 gold pieces to Zin
 82063 | D:5      | Donated 351 gold pieces to Zin
 82064 | D:5      | Donated 176 gold pieces to Zin
 82065 | D:5      | Donated 88 gold pieces to Zin
 82066 | D:5      | Donated 44 gold pieces to Zin
 82073 | D:5      | Reached *** piety under Zin
 82191 | D:9      | Reached **** piety under Zin
 82384 | Depths:2 | Reached ***** piety under Zin
 82414 | Depths:4 | Voluntarily entered the Abyss.
 82530 | Abyss:1  | Donated 22 gold pieces to Zin
 82531 | Abyss:1  | Donated 11 gold pieces to Zin
 82633 | Abyss:1  | Reached ****** piety under Zin
 82651 | Abyss:1  | Received a gift from Zin
 82651 | Abyss:1  | Lost mutation: You have large cloven feet. [Zin's power]
 82651 | Abyss:1  | Lost mutation: You are surrounded by a mild repulsion field. (EV +2) [Zin's power]
 82651 | Abyss:1  | Lost mutation: Scrolls take you much longer to read. [Zin's power]
 82651 | Abyss:1  | Lost mutation: Scrolls take you longer to read. [Zin's power]
 82651 | Abyss:1  | Lost mutation: Scrolls take you a little longer to read. [Zin's power]
 82651 | Abyss:1  | Lost mutation: You are very clumsy. (Dex -4) [Zin's power]
 82651 | Abyss:1  | Lost mutation: You are clumsy. (Dex -2) [Zin's power]
 82651 | Abyss:1  | Lost mutation: Armour fits poorly on your strangely shaped body. [Zin's power]
 82651 | Abyss:1  | Lost mutation: Your body often deteriorates upon taking damage. [Zin's power]
 82651 | Abyss:1  | Lost mutation: Your body sometimes deteriorates upon taking damage. [Zin's power]
 82651 | Abyss:1  | Lost mutation: Your flesh is heat resistant. (rF+) [Zin's power]
 82651 | Abyss:1  | Lost mutation: You are extremely frail. (-30% HP) [Zin's power]
 82651 | Abyss:1  | Lost mutation: You are very frail. (-20% HP) [Zin's power]
 82651 | Abyss:1  | Lost mutation: You are frail. (-10% HP) [Zin's power]
 82651 | Abyss:1  | Lost mutation: Your magical capacity is extremely low. (-30% MP) [Zin's power]
 82651 | Abyss:1  | Lost mutation: Your magical capacity is very low. (-20% MP) [Zin's power]
 82651 | Abyss:1  | Lost mutation: Your magical capacity is low. (-10% MP) [Zin's power]
 82651 | Abyss:1  | Lost mutation: You frequently scream uncontrollably at your foes. [Zin's power]
 82651 | Abyss:1  | Lost mutation: You sometimes yell uncontrollably at your foes. [Zin's power]
 82651 | Abyss:1  | Lost mutation: You occasionally shout uncontrollably at your foes. [Zin's power]
 82651 | Abyss:1  | Lost mutation: You do not regenerate when monsters are visible. [Zin's power]
 82651 | Abyss:1  | Lost mutation: You are weak. (Str -2) [Zin's power]
 82651 | Abyss:1  | Lost mutation: Your spells are easier to cast, but less powerful. [Zin's power]
 82651 | Abyss:1  | Lost mutation: Your spells are a little easier to cast, but a little less powerful. [Zin's power]
 82651 | Abyss:1  | Lost mutation: You expend magic power (3 MP) to strengthen your wands. [Zin's power]
 83024 | Abyss:1  | Reached skill level 15 in Invocations
 85884 | Abyss:3  | Found a corrupted altar of Lugonu.
 86334 | Abyss:3  | Got a spiked large shield
 86347 | Abyss:3  | Identified the cursed +0 large shield of Listlessness {Int+2} (You took it off a daeva on level 3 of the Abyss)
 87261 | Abyss:4  | Found a roughly hewn altar of Beogh.
 87341 | Abyss:4  | Found a corrupted altar of Lugonu.
 88381 | Abyss:4  | Got an abyssal rune of Zot
 88907 | Depths:4 | Escaped the Abyss
 90851 | Geh:7    | Was forgiven by Okawaru
 91313 | Geh:7    | Noticed Asmodeus
 91329 | Geh:7    | Killed Asmodeus
 91348 | Geh:7    | Got an obsidian rune of Zot
 92139 | Orc:2    | Bought the +10 morningstar of Doenoqid {crush, *Corrode rF+++ rC+ MP+9} for 1463 gold pieces
 92463 | D:13     | Reached skill level 1 in Maces & Flails
 92597 | Coc:1    | Entered Level 1 of Cocytus
 92937 | Coc:3    | Noticed a shard shrike
 92939 | Coc:3    | Noticed a shard shrike
 92945 | Coc:3    | Killed a shard shrike
 92952 | Coc:3    | Reached skill level 5 in Maces & Flails
 92982 | Coc:3    | Killed a shard shrike
 93670 | Coc:7    | Entered Level 7 of Cocytus
 94148 | Coc:7    | Reached skill level 10 in Maces & Flails
 94264 | Coc:7    | Noticed a shard shrike
 94266 | Coc:7    | Noticed a shard shrike
 94278 | Coc:7    | Killed a shard shrike
 94344 | Coc:7    | Killed a shard shrike
 95472 | Coc:7    | Noticed a shard shrike
 95506 | Coc:7    | Killed a shard shrike
 95802 | Coc:2    | Noticed a shard shrike
 95822 | Coc:2    | Killed a shard shrike
 95856 | Coc:2    | Noticed a shard shrike
 95860 | Coc:2    | Killed a shard shrike
 95951 | Coc:3    | Noticed a shard shrike
 95955 | Coc:3    | Noticed a shard shrike
 95980 | Coc:3    | Killed a shard shrike
 95993 | Coc:3    | Killed a shard shrike
 97002 | Coc:7    | Noticed a shard shrike
 97011 | Coc:7    | Killed a shard shrike
 97136 | Coc:7    | Noticed Antaeus
 97206 | Coc:7    | Killed Antaeus
 97208 | Coc:7    | Got a warped flail {drain}
 97209 | Coc:7    | Identified the cursed +1 flail "Eviscerator" {drain, Str+3} (You took it off Antaeus on level 7 of Cocytus)
 97297 | Coc:7    | Identified the Handbook of Moulding and Darkness
 97304 | Coc:7    | Got an icy rune of Zot
 97823 | Slime:1  | Entered Level 1 of the Pits of Slime
 98134 | Slime:5  | Entered Level 5 of the Pits of Slime
 98268 | Slime:5  | Reached skill level 27 in Axes
 98348 | Slime:5  | Reached skill level 27 in Armour
 98492 | Slime:5  | Reached skill level 27 in Shields
 98590 | Slime:5  | Noticed armaa's ghost (adept MiBe)
 98641 | Slime:5  | Killed armaa's ghost
 98688 | Slime:5  | Noticed the Royal Jelly
 98700 | Slime:5  | Killed the Royal Jelly
 98793 | Slime:5  | Got a vibrating marble ring
 98796 | Slime:5  | Got a slimy rune of Zot
 98812 | Slime:5  | Identified the ring of Nayrur {MR+ MP+9 Int+2} (You found it on level 5 of the Pits of Slime)
 99148 | Depths:1 | You showed the slimy rune of Zot to enter a treasure trove
 99149 | Trove    | Entered a treasure trove
 99182 | Trove    | Got a crude graven amulet
 99188 | Trove    | Identified the amulet of Naarimus {Inacc Stlth+} (You found it in a treasure trove)
 99194 | Trove    | Got an ancient amethyst amulet
 99195 | Trove    | Identified the amulet of Dynel {Gourm rC++ Dex-3} (You found it in a treasure trove)
 99301 | Depths:1 | Upgraded the game from 0.20.0-7-g3b7b877 to 0.20.0-8-g6b59dc7
 99331 | Pan      | Entered Pandemonium
 99342 | Pan      | Noticed Mugrizoj the pandemonium lord
 99354 | Pan      | Killed Mugrizoj the pandemonium lord
 99980 | Pan      | Found an exit through the horrors of the Abyss.
100517 | Pan      | Found an exit through the horrors of the Abyss.
100601 | Pan      | Noticed Him Haibb the pandemonium lord
100621 | Pan      | Killed Him Haibb the pandemonium lord
101396 | Pan      | Reached skill level 15 in Maces & Flails
101527 | Pan      | Found an exit through the horrors of the Abyss.
101568 | Pan      | Found an exit through the horrors of the Abyss.
102015 | Pan      | Found an exit through the horrors of the Abyss.
102140 | Pan      | Noticed Nijecvazaq the pandemonium lord
102148 | Pan      | Killed Nijecvazaq the pandemonium lord
102917 | Pan      | Noticed Akaez the pandemonium lord
102932 | Pan      | Killed Akaez the pandemonium lord
103053 | Pan      | Got a demonic rune of Zot
103158 | Pan      | Noticed Hipruof the pandemonium lord
103193 | Pan      | Killed Hipruof the pandemonium lord
103392 | Pan      | Noticed Hyobal the pandemonium lord
103410 | Pan      | Killed Hyobal the pandemonium lord
103436 | Pan      | Got an ichor-stained scythe
103437 | Pan      | Identified the cursed +1 scythe of Huybaex {slice, Int+7 Dex+6} (You found it in Pandemonium)
103718 | Pan      | Found an exit through the horrors of the Abyss.
103974 | Pan      | Found a huge runed gate.
104160 | Pan      | Found an exit through the horrors of the Abyss.
104201 | Pan      | Entered the realm of Lom Lobon.
104201 | Pan      | Found an exit through the horrors of the Abyss.
105261 | Pan      | Noticed Lom Lobon
106334 | Pan      | Got a magical rune of Zot
106569 | Pan      | Donated 1097 gold pieces to Zin
106570 | Pan      | Found an exit through the horrors of the Abyss.
106893 | Pan      | Found an exit through the horrors of the Abyss.
106910 | Pan      | Entered the realm of Gloorx Vloq.
107047 | Pan      | Found an exit through the horrors of the Abyss.
108634 | Pan      | Noticed Gloorx Vloq
108662 | Pan      | Killed Gloorx Vloq
108688 | Pan      | Got a dark rune of Zot
108924 | Pan      | Noticed Lom Lobon
109029 | Pan      | Killed Lom Lobon
109875 | Pan      | Reached skill level 15 in Evocations
109936 | Pan      | Entered the realm of Cerebov.
110653 | Pan      | Found an exit through the horrors of the Abyss.
111788 | Pan      | Noticed Cerebov
111839 | Pan      | Killed Cerebov
112325 | Pan      | Identified the Compendium of Icy Dark Rituals
112416 | Pan      | Got a warped garnet amulet
112422 | Pan      | Identified the amulet "Etilium" {Inacc rC+} (You found it in Pandemonium)
112547 | Pan      | Got a fiery rune of Zot
112596 | Pan      | Entered the realm of Mnoleg.
112663 | Pan      | Noticed Ignacio
112679 | Pan      | Killed Ignacio
113046 | Pan      | Lost intelligence.
113120 | Pan      | Lost intelligence.
114213 | Pan      | Lost intelligence.
118082 | Pan      | Found an exit through the horrors of the Abyss.
118292 | Pan      | Noticed Mnoleg
118335 | Pan      | Killed Mnoleg
118350 | Pan      | Reached skill level 27 in Dodging
118374 | Pan      | Got a glowing rune of Zot
118576 | Pan      | Took an exit into the Abyss.
118576 | Abyss:1  | Escaped into the Abyss
118577 | Abyss:1  | Found a corrupted altar of Lugonu.
118700 | Depths:1 | Escaped the Abyss
119464 | Tomb:1   | Entered Level 1 of the Tomb of the Ancients
119901 | Tomb:1   | Reached skill level 27 in Invocations
120311 | Tomb:1   | Noticed a greater mummy
120338 | Tomb:1   | Killed a greater mummy
120677 | Tomb:1   | Noticed a greater mummy
120690 | Tomb:1   | Killed a greater mummy
121069 | Tomb:1   | Noticed a greater mummy
121079 | Tomb:1   | Killed a greater mummy
121386 | Tomb:2   | Noticed a greater mummy
121386 | Tomb:2   | Noticed a greater mummy
121390 | Tomb:2   | Noticed a greater mummy
121391 | Tomb:2   | Noticed an ancient lich
121403 | Tomb:2   | Was placed under penance by Zin
121417 | Tomb:2   | Killed a greater mummy
121424 | Tomb:2   | You fall through a shaft!
121424 | Tomb:3   | Entered Level 3 of the Tomb of the Ancients
121424 | Tomb:3   | Noticed a greater mummy
121435 | Tomb:3   | Noticed a greater mummy
121439 | Tomb:3   | HP: 5/249 [mummy priest/divine providence (13)]
121444 | Tomb:3   | Noticed a greater mummy
121446 | Tomb:3   | HP: 4/249 [revenant] (4)]
121448 | Tomb:3   | Splashed with acid

Skill      XL: |  1  2  3  4  5  6  7  8  9 10 11 12 13 14 15 16 17 18 19 20 21 22 23 24 25 26 27 |
---------------+----------------------------------------------------------------------------------+-----
Fighting       | 4 5 7 10 11 15 18 19 21 24 27 | 27.0
Dodging        | 1 4 6 7 8 10 14 27 | 27.0
Shields        | 4 5 7 9 17 27 | 27.0
Armour         | 8 11 15 18 21 23 24 27 | 27.0
Axes           | 6 8 11 13 15 16 17 20 27 | 27.0
Evocations     | 6 7 9 10 19 | 19.2
Invocations    | 4 7 27 | 27.0
Maces & Flails | 20 | 20.4

Action                   |  1- 3 |  4- 6 |  7- 9 | 10-12 | 13-15 | 16-18 | 19-21 | 22-24 | 25-27 || total
-------------------------+-------+-------+-------+-------+-------+-------+-------+-------+-------++-------
Melee: War axe           |    86 |    24 |       |    13 |    11 |     7 |       |       |       ||   141
       Flail             |       |   182 |   424 |   814 |       |       |       |       |       ||  1420
       Broad axe         |       |       |       |   134 |   958 |  1250 |  1113 |  1086 |  4002 ||  8543
       Morningstar       |       |       |       |       |       |       |       |       |  4514 ||  4514
       Executioner's axe |       |       |       |       |       |       |       |       |  4152 ||  4152
Invok: Heroism           |       |       |       |     1 |       |       |     1 |     7 |    25 ||    34
       Recite            |       |       |       |       |       |       |       |       |    83 ||    83
       Vitalisation      |       |       |       |       |       |       |       |       |    61 ||    61
       Donate Gold       |       |       |       |       |       |       |       |       |    10 ||    10
       Sanctuary         |       |       |       |       |       |       |       |       |     4 ||     4
       Finesse           |       |       |       |       |       |       |       |       |     3 ||     3
       Cure All Mutation |       |       |       |       |       |       |       |       |     1 ||     1
 Abil: Dig               |       |     3 |    25 |    36 |    30 |    21 |    21 |       |   340 ||   476
       Evoke Invisibilit |       |       |       |       |       |       |       |       |    24 ||    24
       Evoke Flight      |       |       |       |       |       |       |       |       |    24 ||    24
       Stop Flying       |       |       |       |       |       |       |       |       |     3 ||     3
       Shaft Self        |       |       |       |       |       |       |       |       |     1 ||     1
Evoke: Wand              |       |       |       |    14 |    16 |       |    43 |    11 |    57 ||   141
       Lightning rod     |       |       |       |       |       |       |     1 |       |     1 ||     2
       Fan of gales      |       |       |       |       |       |       |     1 |       |       ||     1
       Lamp of fire      |       |       |       |       |       |       |       |       |     5 ||     5
       Phial of floods   |       |       |       |       |       |       |       |       |     1 ||     1
  Use: Scroll            |       |     8 |     3 |    19 |     8 |     5 |     9 |     5 |    63 ||   120
       Potion            |       |       |       |     5 |       |       |     3 |    10 |    60 ||    78
 Stab: Distracted        |       |       |       |     1 |       |       |       |     3 |    11 ||    15
       Invisible         |       |       |       |       |       |       |       |     5 |    72 ||    77
       Confused          |       |       |       |       |       |       |       |       |    56 ||    56
       Paralysed         |       |       |       |       |       |       |       |       |     4 ||     4
       Petrified         |       |       |       |       |       |       |       |       |     2 ||     2
       Petrifying        |       |       |       |       |       |       |       |       |     1 ||     1
  Eat: Chunk             |       |     8 |    14 |    24 |    14 |    18 |    18 |     9 |    77 ||   182
       Bread ration      |       |       |     2 |     1 |     4 |     2 |     2 |     4 |    13 ||    28
       Fruit             |       |       |       |       |       |       |       |       |    48 ||    48
       Meat ration       |       |       |       |       |       |       |       |       |    23 ||    23
       Royal jelly       |       |       |       |       |       |       |       |       |     8 ||     8
Armor: Scale mail        |    13 |       |       |       |       |       |       |       |       ||    13
       Chain mail        |    45 |   128 |   204 |    15 |       |       |       |       |       ||   392
       Plate armour      |       |       |       |   383 |   358 |   215 |   268 |   279 |  1864 ||  3367
       Skin              |       |       |       |     8 |       |       |       |    31 |       ||    39
       Pearl dragon scal |       |       |       |       |       |       |       |       |    48 ||    48
Dodge: Dodged            |    36 |    67 |   136 |   324 |   332 |   237 |   376 |   374 |  4439 ||  6321
Block: Shield            |    70 |   130 |   290 |   582 |   431 |       |       |       |   294 ||  1797
       Large shield      |       |       |       |       |   124 |  1101 |  1155 |  1127 | 13473 || 16980
